 Dungeon Crawl Stone Soup version 0.18-a0-1800-gdc7a371 (webtiles) character file.

732 Moloch the Cleaver (level 7, -5/57 HPs)
             Began as a Hill Orc Fighter on Apr 24, 2016.
             Was an Initiate of Beogh.
             Killed from afar by an orc wizard (8 damage)
             ... with a puff of flame
             ... on level 5 of the Dungeon.
             The game lasted 00:05:20 (4365 turns).

Moloch the Cleaver (Hill Orc Fighter)               Turns: 4365, Time: 00:05:21

Health: -5/57      AC: 10    Str: 21    XL:     7   Next: 73%
Magic:  7/7        EV:  7    Int:  8    God:    Beogh [......]
Gold:   183        SH:  9    Dex: 10    Spells: 0 memorised, 6 levels left

rFire  . . .     SeeInvis .     a - +0 war axe
rCold  . . .     Gourm    .     b - +0 scale mail
rNeg   . . .     Faith    .     c - +0 shield
rPois  .         Spirit   .     (no helmet)
rElec  .         Dismiss  .     m - +0 cloak
rCorr  .         Reflect  .     l - +0 pair of gloves
SustAt .         Harm     .     F - +0 pair of boots
MR     .....                    (no amulet)
Stlth  ..........               (no ring)
                                (no ring)

@: exhausted, not resistant to hostile enchantments, extremely unstealthy
A: no striking features
a: Renounce Religion


You were on level 5 of the Dungeon.
You worshipped Beogh.
Beogh was noncommittal.
You were very hungry.

You visited 2 branches of the dungeon, and saw 6 of its levels.

You collected 183 gold pieces.

Inventory:

Hand Weapons
 a - a +0 war axe (weapon)
Missiles
 x - a throwing net (quivered)
Armour
 b - a +0 scale mail (worn)
 c - a +0 shield (worn)
 l - a +0 pair of gloves (worn)
 m - a +0 cloak (worn)
 F - a +0 pair of boots (worn)
Jewellery
 q - an uncursed ring of poison resistance {unknown}
 s - an uncursed ring of positive energy {unknown}
Wands
 r - a wand of lightning (8/15)
Scrolls
 j - 6 scrolls of identify {unknown}
 k - 3 scrolls of recharging {unknown}
 u - a scroll of fear {unknown}
 y - a scroll of amnesia {unknown}
 z - a scroll of blinking {unknown}
 E - a scroll of noise {unknown}
 G - a scroll of random uselessness {unknown}
Potions
 d - a potion of might
 e - a potion of haste {unknown}
 g - 2 potions of heal wounds {unknown}
 h - 2 potions of berserk rage
 i - 2 potions of flight {unknown}
 n - 2 potions of degeneration {unknown}
 p - 2 potions of cancellation
 t - a potion of magic {unknown}
 w - a potion of lignification {unknown}
 H - a potion of ambrosia {unknown}
Miscellaneous
 o - a plain deck of wonders
Comestibles
 f - 5 bread rations
 v - 3 fruits
 A - a slice of pizza
 B - a meat ration
 D - 2 beef jerkies


   Skills:
 - Level 3.6 Fighting
 + Level 11.0 Axes
 - Level 3.2 Armour
 - Level 3.2 Shields


You had 6 spell levels left.
You didn't know any spells.

Dungeon Overview and Level Annotations

Branches:
Dungeon (5/15)             Temple (1/1) D:4

Altars:
Ashenzari
Elyvilon
Fedhas
Gozag
Nemelex Xobeh
Pakellas
Qazlal
Sif Muna
Yredelemnul
The Shining One


Message History

Drink which item? (? for menu, Esc to quit)
It was a potion of cancellation.
Your magical effects are unravelling.
You feel magically purged.
You feel yourself speed up.
You feel less confused. Something hits you but does no damage.
You block the kobold's attack. The ogre barely misses you.
You hear some strange, mumbled words.
A puff of flame appears from out of thin air!
The puff of flame hits you!
* * * LOW HITPOINT WARNING * * *
The kobold hits you but does no damage.
Unknown command.
Unknown command.
Unknown command.
You hear some strange, mumbled words.
A puff of flame appears from out of thin air!
The puff of flame hits you!
You die...
Beogh appreciates something's killing of a heretic priest.

........####....###.#..........#.
........# ###### #.##.#.......#.
........# #.......#....#.
........# ########....#....#.
........#######....##'###......##
........##..........### ##......#
........##.........# ###....#
........'(........# #..... .
#.......@# ##.##. ..#........#
#.##. .........K.# #.##.
##......O# # #. #.###
#.......#^#.≈. #.. #
##....)..##..≈. ##. #
#.......$.####. #.. #
#....))<.#.#.≈. #...#
#........#.≈# . #....


You could see an ogre and a kobold.

Vanquished Creatures
  The ghost of turtle the Ruffian, an amateur TrWr (D:5)
  An ogre (D:5)
  An ice beast (D:5)
  A scorpion (D:5)
  A water moccasin skeleton (D:5)
  An orc priest (D:5)
  2 hounds
  An orc wizard (D:5)
  3 worker ants (D:5)
  4 adders
  A howler monkey skeleton (D:4)
  An ooze (D:2)
  3 worms
  A dart slug (D:5)
  4 giant geckos
  2 orcs (D:5)
  4 giant cockroaches
  6 goblins
  3 hobgoblins
  8 jackals
  A quokka (D:4)
  2 ball pythons
  9 bats
  2 giant cockroach zombies (D:5)
  4 giant newts
  A jackal skeleton (D:4)
  6 kobolds
  6 rats
80 creatures vanquished.

Vanquished Creatures (others)
  A crimson imp (D:5)
1 creature vanquished.

Grand Total: 81 creatures vanquished

Notes
Turn   | Place    | Note
--------------------------------------------------------------
     0 | D:1      | Moloch the Hill Orc Fighter began the quest for the Orb.
     0 | D:1      | Reached XP level 1. HP: 19/19 MP: 1/1
    82 | D:1      | Reached skill level 3 in Axes
    94 | D:1      | Reached XP level 2. HP: 14/26 MP: 2/2
   496 | D:1      | Reached skill level 4 in Axes
  1014 | D:2      | Found a sparkling altar of Nemelex Xobeh.
  1034 | D:2      | Reached XP level 3. HP: 31/31 MP: 3/3
  1218 | D:2      | Found an oddly glowing altar of Pakellas.
  1434 | D:2      | Reached skill level 5 in Axes
  1982 | D:3      | Reached XP level 4. HP: 38/39 MP: 4/4
  2526 | D:3      | Reached skill level 6 in Axes
  2921 | D:4      | Found a deep blue altar of Sif Muna.
  3156 | D:4      | Reached XP level 5. HP: 41/45 MP: 5/5
  3196 | D:4      | Reached skill level 7 in Axes
  3248 | D:4      | Found a staircase to the Ecumenical Temple.
  3320 | Temple   | Entered the Ecumenical Temple
  3498 | D:4      | Became a worshipper of Beogh the Brigand
  3682 | D:5      | Entered Level 5 of the Dungeon
  3702 | D:5      | Reached skill level 8 in Axes
  3702 | D:5      | Reached XP level 6. HP: 50/51 MP: 6/6
  3745 | D:5      | Found a blossoming altar of Fedhas.
  3766 | D:5      | Noticed turtle's ghost (amateur TrWr)
  3799 | D:5      | Killed turtle's ghost
  3799 | D:5      | Reached skill level 9 in Axes
  4024 | D:5      | Reached skill level 10 in Axes
  4024 | D:5      | Reached XP level 7. HP: 57/57 MP: 7/7
  4357 | D:5      | Reached skill level 11 in Axes
  4365 | D:5      | Killed from afar by an orc wizard

Vault maps used:
D:1:      minmay_arrival_four_loops
D:2:      nemelex_deck, old_standard_altar, hangedman_decor_riveting
D:3:      first_bread, minmay_tree_intersection
D:4:      lemuel_doored_altar, minmay_temple_entry_statues_pillars
D:5:      tgw_xom, basic_altar
Temple:   nicolae_temple_great_sept

Skill      XL: |  1  2  3  4  5  6  7 |
---------------+----------------------+-----
Axes           | 3 4 5 6 8 10 11 | 11.0
Fighting       | |  3.6
Armour         | |  3.2
Shields        | |  3.2

Action                   |  1- 3 |  4- 6 |  7- 9 || total
-------------------------+-------+-------+-------++-------
Melee: War axe           |   116 |   161 |    41 ||   318
Invok: Convert to Beogh  |       |     1 |       ||     1
Evoke: Wand              |       |       |     1 ||     1
  Use: Potion            |       |       |     2 ||     2
  Eat: Chunk             |     3 |     7 |     1 ||    11
Armor: Scale mail        |    47 |    78 |    21 ||   146
Dodge: Dodged            |    39 |    46 |    12 ||    97
Block: Shield            |    72 |    80 |    16 ||   168
